 Dungeon Crawl Stone Soup version 0.16-a0-77-g708f960 (webtiles) character file.

385 MrROBUST the Ducker (level 6, 0/29 HPs)
             Began as a Felid Berserker on Aug 8, 2014.
             Was a Priest of Trog.
             Slain by haldagan's ghost (6 damage)
             ... in an ossuary.
             The game lasted 00:27:21 (3964 turns).

MrROBUST the Ducker (Felid Berserker)               Turns: 3964, Time: 00:27:21

HP   0/29        AC  2     Str 14      XL: 6   Next: 48%
MP  10/10        EV 22     Int  8      God: Trog [***...]
Gold 120         SH  0     Dex 17      Spells:  0 memorised,  5 levels left
Lives: 0, deaths: 1

rFire  . . .     SeeInvis +       - Unarmed
rCold  . . .     Clarity  .     (armour unavailable)
rNeg   . . .     rCorr    .     (shield unavailable)
rPois  .         rRot     .     (helmet unavailable)
rElec  .         Spirit   .     (cloak unavailable)
SustAb .         Warding  .     (gloves unavailable)
rMut   .         Stasis   .     (boots unavailable)
Gourm  .                        (no amulet)
MR     .....                    (no ring)
                                (no ring)

@: lethally poisoned, exhausted, slowed, slow, not resistant to hostile
enchantments, fairly stealthy
A: paw claws, no armour, no weapons or thrown items, fangs 3, see invisible,
carnivore 3, speed 1, shaggy fur 2, slow metabolism 1, jump 2
a: Jump Attack, Burn Spellbooks, Berserk, Trog's Hand, Renounce Religion


You were in an ossuary.
You worshipped Trog.
Trog was most pleased with you.
You were full.

You visited 1 branch of the dungeon, and saw 4 of its levels.
You also visited: Ossuary.

You collected 120 gold pieces.

Inventory:

Magical devices
 k - a wand of confusion (4)
Comestibles
 c - 2 meat rations
 j - a slice of pizza
Scrolls
 a - 6 scrolls of identify
 d - 2 scrolls of recharging {unknown}
 e - a scroll of random uselessness {unknown}
 f - a scroll of enchant weapon {unknown}
 h - 2 scrolls of immolation {unknown}
 i - 2 scrolls of amnesia {unknown}
Potions
 b - a potion of heal wounds
 g - a potion of invisibility {unknown}
 l - 2 potions of poison {unknown}
 m - a potion of agility {unknown}
 n - a potion of brilliance {unknown}
 o - a potion of might {unknown}


   Skills:
 + Level 4.5 Fighting
 + Level 6.7 Dodging
 + Level 4.1 Stealth
 + Level 4.4 Unarmed Combat


You had 5 spell levels left.
You didn't know any spells.

Dungeon Overview and Level Annotations

Branches:
Dungeon (4/15)
 Temple: D:4-7

Altars:
Fedhas
Makhleb
Vehumet
Xom
Yredelemnul
Zin
The Shining One

Annotations:
Ossuary haldagan's ghost, average OgSk


Innate Abilities, Weirdness & Mutations

You cannot wear armour.
You are incapable of wielding weapons or throwing items.
Your paws have sharp claws.
You have razor-sharp teeth.
You have supernaturally acute eyesight.
You are carnivorous and can eat meat at any time.
You cover ground quickly.
You are covered in thick fur (AC +2).
You have a slow metabolism.
You can jump attack at a medium distance.


Message History

* * * LOW HITPOINT WARNING * * *
You scratch haldagan's ghost.
Haldagan's ghost is moderately damaged.
* * * LOW HITPOINT WARNING * * *
You feel very sick. Haldagan's ghost misses you.
You feel much better.
You feel sick. Haldagan's ghost completely misses you.
Haldagan's ghost hits you.
You are lethally poisoned!
You claw haldagan's ghost!
Haldagan's ghost is moderately damaged.
You feel very sick. Haldagan's ghost hits you!
You are more poisoned.
You scratch haldagan's ghost.
Haldagan's ghost is moderately damaged.
* * * LOW HITPOINT WARNING * * *
You feel very sick. Haldagan's ghost misses you. Haldagan's ghost hits you.
You die...

. ≈n#≈ ≈... #.≈
#≈. +.### #≈'.#
≈≈ ###≈#≈##≈#≈
#@W≈+.#≈≈≈
#####.#≈≈#
#∩..#...≈#
#.∩.≈.≈≈#≈≈# #
#...#...# #
.#####.#####.###
.......W.M.M.'.#
'#'#'#M#Z#'#'###
# #.#.#.#


You could see haldagan's ghost.

Vanquished Creatures
  2 bog bodies (Ossuary)
  An orc wizard (D:1)
  A sky beast zombie (Ossuary)
  Ijyb (D:2)
  2 hound zombies (Ossuary)
  6 mummies
  7 adders
  3 gnolls (D:4)
  3 worms
  A giant mite (D:4)
  2 adder zombies (Ossuary)
  3 oozes
  6 orcs
  5 giant cockroaches
  5 hobgoblins
  2 jackals (D:3)
  8 kobolds
  A quokka (D:3)
  7 bats
  3 giant geckos
  4 giant newts
  11 goblins
  A hobgoblin zombie (Ossuary)
  A jackal skeleton (D:4)
  10 rats
  A rat zombie (Ossuary)
97 creatures vanquished.

Notes
Turn   | Place    | Note
--------------------------------------------------------------
     0 | D:1      | MrROBUST, the Felid Berserker, began the quest for the Orb.
     0 | D:1      | Reached XP level 1. HP: 10/10 MP: 2/2
   383 | D:1      | Reached XP level 2. HP: 7/14 MP: 3/3
  1320 | D:1      | Reached skill level 1 in Stealth
  1320 | D:1      | Reached XP level 3. HP: 12/18 MP: 5/5
  1713 | D:2      | Acquired Trog's second power
  1758 | D:2      | Reached XP level 4. HP: 15/22 MP: 7/7
  1946 | D:2      | Noticed Ijyb
  1988 | D:2      | Killed Ijyb
  1988 | D:2      | Reached skill level 5 in Dodging
  2213 | D:2      | Found a burning altar of Makhleb.
  2215 | D:2      | Found a glowing golden altar of the Shining One.
  2215 | D:2      | Found a basalt altar of Yredelemnul.
  2218 | D:2      | Found a blossoming altar of Fedhas.
  2219 | D:2      | Found a shimmering altar of Xom.
  2222 | D:2      | Found a glowing silver altar of Zin.
  2293 | D:2      | Slain by an adder
  2294 | D:2      | Reached XP level 3. HP: -1/18 MP: 5/5
  2426 | D:3      | Reached XP level 4. HP: 22/22 MP: 7/7
  2585 | D:3      | Found a radiant altar of Vehumet.
  3519 | D:4      | Reached skill level 6 in Dodging
  3524 | D:4      | Reached XP level 5. HP: 20/25 MP: 8/8
  3823 | D:4      | Found a sand-covered staircase.
  3832 | Ossuary  | Entered an ossuary
  3903 | Ossuary  | Noticed haldagan's ghost (average OgSk)
  3909 | Ossuary  | Gained mutation: You are covered in thick fur (AC +2). [growing up]
  3909 | Ossuary  | Gained mutation: You can jump attack at a medium distance. [growing up]
  3909 | Ossuary  | Reached XP level 6. HP: 20/29 MP: 10/10
  3964 | Ossuary  | Slain by haldagan's ghost

Action                   |  1- 3 |  4- 6 || total
-------------------------+-------+-------++-------
Melee: Unarmed           |   102 |   269 ||   371
Invok: Berserk           |     1 |     6 ||     7
       Trog's Hand       |       |     4 ||     4
  Use: Potion            |       |     3 ||     3
       Scroll            |       |     1 ||     1
 Stab: Sleeping          |     4 |     5 ||     9
  Eat: Chunk             |    10 |    12 ||    22
